 Seeded DCSS version 0.29.1 (webtiles) character file.

Game seed: 9708579739092153053 (custom seed)

508 GigaChad the Vexing (level 6, -2/32 HPs)
             Began as a Deep Elf Conjurer on Sept 14, 2022.
             Slain by Eustachio
             ... wielding a +4 falchion of freezing
              (8 damage)
             ... on level 6 of the Dungeon.
             The game lasted 00:23:40 (5464 turns).

GigaChad the Vexing (Deep Elf Conjurer)             Turns: 5464, Time: 00:23:41

Health: -2/32      AC:  2    Str:  8    XL:     6   Next: 98%
Magic:  0/16       EV: 13    Int: 29    God:
Gold:   173        SH:  0    Dex: 17    Spells: 1/15 levels left

rFire   x . .      SeeInvis .   l - +9 morningstar "Woch" {vorpal, rF- Will+++ rCorr Dex+6}
rCold   + + +      Faith    .   (no shield)
rNeg    . . .      Spirit   +   a - +0 robe
rPois   .          Reflect  .   m - +0 hat of Charity {rElec rC+ Int+4 Slay+2}
rElec   +          Harm     .   (no cloak)
rCorr   +          Rampage  .   (no gloves)
Will    +++..                   (no boots)
Stlth   ++........              k - amulet of the Crown {Spirit rC+++ Str+4 Dex-2}
HPRegen 0.10/turn               (no ring)
MPRegen 0.15/turn               (no ring)

@: no status effects
A: no striking features
a: no special abilities


You were on level 6 of the Dungeon.
You visited 1 branch of the dungeon, and saw 6 of its levels.

You collected 173 gold pieces.

Inventory:

Hand Weapons
 g - the +7 mace of the Maze {spect, rPois Will+ Str+2}
   (You found it on level 2 of the Dungeon)

   When its wielder attacks, the weapon's spirit leaps out and strikes again.
   The spirit shares a part of any damage it takes with its wielder.
   Str:       It affects your strength (+2).
   rPois:     It protects you from poison.
   Will:      It increases your willpower.
 l - the +9 morningstar "Woch" (weapon) {vorpal, rF- Will+++ rCorr Dex+6}
   (You acquired it on level 3 of the Dungeon)

   It inflicts extra damage upon your enemies.
   Dex:       It affects your dexterity (+6).
   rF:        It makes you vulnerable to fire.
   rCorr:     It protects you from acid and corrosion.
   Will:      It greatly increases your willpower.
Missiles
 t - 8 poisoned darts
Armour
 a - a +0 robe (worn)
 m - the +0 hat of Charity (worn) {rElec rC+ Int+4 Slay+2}
   (You acquired it on level 3 of the Dungeon)

   Int:       It affects your intelligence (+4).
   Slay:      It affects your accuracy & damage with ranged weapons and melee
   (+2).
   rC:        It protects you from cold.
   rElec:     It insulates you from electricity.
Jewellery
 k - the amulet of the Crown (around neck) {Spirit rC+++ Str+4 Dex-2}
   (You acquired it on level 3 of the Dungeon)

   [amulet of guardian spirit]

   It causes incoming damage to be divided between your reserves of health and
   magic.
   Str:       It affects your strength (+4).
   Dex:       It affects your dexterity (-2).
   rC:        It renders you almost immune to cold.
Wands
 n - a wand of flame (4)
Scrolls
 c - a scroll of blinking {unknown}
 f - 2 scrolls of teleportation {unknown}
 h - a scroll of noise {unknown}
 i - 7 scrolls of identify {unknown}
 p - a scroll of fear {unknown}
 u - 2 scrolls of immolation {unknown}
Potions
 b - a potion of magic
 d - a potion of curing {unknown}
 e - a potion of heal wounds {unknown}
 j - a potion of brilliance {unknown}
 o - a potion of haste {unknown}
 q - a potion of flight {unknown}
 r - a potion of resistance {unknown}
 s - a potion of degeneration {unknown}


   Skills:
 - Level 2.4 Dodging
 - Level 2.4 Stealth
 - Level 5.3 Spellcasting
 - Level 5.4 Conjurations
 + Level 7.2 Hexes
 * Level 1.0 Translocations


You had one spell level left.
You knew the following spells:

 Your Spells              Type           Power      Damage    Failure   Level
a - Magic Dart            Conj           100%       1d8       1%          1
b - Searing Ray           Conj           78%        2d7       1%          2
c - Fulminant Prism       Conj/Hex       22%        3d13      4%          4
d - Dazzling Flash        Conj/Hex       88%        N/A       1%          3
e - Iskenderun's Mystic   Conj/Tloc      26%        2d7       16%         4

Your spell library contained the following spells:

 Spells                   Type           Power      Damage    Failure   Level


Dungeon Overview and Level Annotations

Branches:
Dungeon (6/15)             Temple (0/1) D:6

Altars:

Annotations:
D:5 3 runed translucent doors, Bediveer's ghost, novice HuCA
D:6 Eustachio


Message History

Found a staircase to the Ecumenical Temple.
You hear the rusting of a drain nearby.
Found a scroll labelled ORONED XOULI.
You hear the brisk rusting of a distant drain.
u - 2 scrolls labelled ORONED XOULI (gained 1)
Found a stone staircase leading up.
Found 2 atropa-tipped darts.
You see here 2 atropa-tipped darts.
Eustachio the Magnificent comes into view.
He is wielding a +4 falchion of freezing.
Eustachio shouts!
Eustachio gestures wildly while chanting.
Eustachio blinks!
Eustachio gestures wildly while chanting.
The ufetubus shouts!
The magic dart hits Eustachio.
Eustachio is lightly wounded.
The ufetubus hits you. The ufetubus barely misses you.
Eustachio hits you with a +4 falchion of freezing!
The magic dart hits Eustachio but does no damage.
Eustachio is lightly wounded.
Eustachio barely misses you.
The magic dart hits Eustachio.
Eustachio is lightly wounded.
Eustachio hits you with a +4 falchion of freezing!
The iron imp hits you.
The white imp shouts, "Turn tail, thou euchred fly-bitten clam!"
The white imp hits you. The white imp freezes you. You resist.
You are too injured to fight recklessly!
Eustachio attacks as you move away! Eustachio closely misses you.
The ufetubus closely misses you. The ufetubus hits you.
* * * LOW HITPOINT WARNING * * *
You thump the ufetubus!
You kill the ufetubus!
The ufetubus disappears in a puff of smoke!
Eustachio hits you with a +4 falchion of freezing.
* * * LOW HITPOINT WARNING * * *
Eustachio mumbles some strange words.
Eustachio blinks!
Eustachio hits you with a +4 falchion of freezing!
You die...

.####. ......###
.... ...#### ##
...# #...<. ..#.#
...###..# #.#.# ###
........# #.#.# ...
...####.# #.#.#..#
...# #.# ##.#.#..##
.###
#.########@........
.##
#........@5#...###
..#
##########5...##
..# ##...# ..#
###.# ..# .# ..# .#
...# .# #..# .#


You could see Eustachio, an iron imp (summoned) and a white imp (summoned).

Vanquished Creatures
  2 scorpions
  A jelly (D:4)
  An orc priest (D:3)
  2 hounds
  3 iguanas
  An orc wizard (D:4)
  Robin (D:4)
  6 adders
  An ufetubus (D:5)
  2 worms
  2 dart slugs
  11 orcs
  4 bats
  5 endoplasms
  4 giant cockroaches
  18 goblins
  7 hobgoblins
  4 jackals (D:2)
  A quokka (D:1)
  4 ball pythons
  2 frilled lizards
  6 kobolds
  A rat (D:1)
89 creatures vanquished.

Vanquished Creatures (others)
  2 fulminant prisms
  6 plants (D:5)
8 creatures vanquished.

Grand Total: 97 creatures vanquished

Notes
Turn   | Place    | Note
-------+----------+-------------------------------------------
     0 | D:1      | GigaChad the Deep Elf Conjurer began the quest for the Orb.
     0 | D:1      | Reached XP level 1. HP: 10/10 MP: 6/6
   272 | D:1      | Reached XP level 2. HP: 15/15 MP: 1/8
   515 | D:1      | Found a faded altar of an unknown god.
   522 | D:1      | Reached skill level 5 in Conjurations
  1053 | D:2      | Identified the +7 mace of the Maze {spect, rPois Will+
                  | Str+2}
  1071 | D:2      | Learned a level 2 spell: Searing Ray
  1341 | D:2      | Reached XP level 3. HP: 6/19 MP: 2/9
  2474 | D:3      | Identified 3 scrolls of acquirement
  2474 | D:3      | Acquired the +9 morningstar "Woch" {vorpal, rF- Will+++
                  | rCorr Dex+6}
  2481 | D:3      | Acquired the +0 hat of Charity {rElec rC+ Int+4 Slay+2}
  2488 | D:3      | Acquired the amulet of the Crown {Spirit rC+++ Str+4 Dex-2}
  2727 | D:3      | Reached XP level 4. HP: 16/24 MP: 5/12
  2878 | D:3      | Reached skill level 5 in Spellcasting
  2887 | D:3      | Learned a level 4 spell: Fulminant Prism
  3174 | D:3      | Learned a level 3 spell: Dazzling Flash
  3317 | D:4      | Reached skill level 1 in Hexes
  3518 | D:4      | Reached skill level 2 in Hexes
  3518 | D:4      | Reached XP level 5. HP: 28/28 MP: 10/14
  3525 | D:4      | Learned a level 4 spell: Iskenderun's Mystic Blast
  3553 | D:4      | Noticed Robin
  3557 | D:4      | Killed Robin
  3558 | D:4      | Reached skill level 3 in Hexes
  3967 | D:4      | Identified the +1 robe of Dogmatism {rPois Int+2 Dex+4
                  | Slay-2}
  4076 | D:4      | Reached skill level 4 in Hexes
  4111 | D:4      | Reached skill level 5 in Hexes
  4111 | D:4      | Reached XP level 6. HP: 15/32 MP: 3/16
  4728 | D:5      | Entered Level 5 of the Dungeon
  4759 | D:5      | Found a runed translucent gate.
  4759 | D:5      | Found a runed translucent gate.
  4759 | D:5      | Found a runed translucent gate.
  4761 | D:5      | Noticed Bediveer's ghost (novice HuCA)
  4786 | D:5      | Reached skill level 6 in Hexes
  5056 | D:5      | Reached skill level 7 in Hexes
  5327 | D:6      | Reached skill level 1 in Translocations
  5375 | D:6      | Found a staircase to the Ecumenical Temple.
  5454 | D:6      | Noticed Eustachio
  5464 | D:6      | Slain by Eustachio

Illustrated notes

Levels and vault maps discovered:
D:1:      matt_arrival_spirals, layout_loops_ring,
          chequers_ecumenical_altar_island, chequers_serial_rivers_room_b,
          minmay_misc_feat_nine_boxes
D:2:      layout_basic, chequers_serial_rivers_small_3
D:3:      layout_loops_ring
D:4:      layout_loops_corners, kennysheep_generic_room_5, uniq_robin
D:5:      kennysheep_kobold_camp, layout_cave_pools,
          gammafunk_ghost_nasty_kobolds, nicolae_fountain_basement
D:6:      minmay_evil_eye, layout_loops_ring, jmf_multi_god_temple2,
          temple_statues, gup_sewer_entry_bubbles, uniq_grinder, uniq_eustachio

Skill      XL: |  1  2  3  4  5  6 |
---------------+-------------------+-----
Conjurations   | 5 |  5.4
Spellcasting   | 4 5 |  5.3
Hexes          | 2 5 7 |  7.2
Translocations | 1 |  1.0
Dodging        | |  2.4
Stealth        | |  2.4

Action                   |  1- 3 |  4- 6 || total
-------------------------+-------+-------++-------
Melee: Unarmed           |    11 |       ||    11
       Mace              |     1 |       ||     1
       Morningstar       |     4 |    25 ||    29
 Cast: Magic Dart        |    54 |   117 ||   171
       Searing Ray       |     2 |     1 ||     3
       Fulminant Prism   |       |     2 ||     2
  Use: Scroll            |     4 |       ||     4
Armor: Robe              |     5 |    10 ||    15
Dodge: Dodged            |    29 |    32 ||    61
